 Dungeon Crawl Stone Soup version 0.20-a0-494-gf50ee04 (webtiles) character file.

78635 M4edhros the Covert (level 15, -25/97 HPs)
             Began as an Octopode Artificer on Jan 17, 2017.
             Was the Champion of Fedhas.
             Annihilated by a tyrant leech (32 damage)
             ... on level 6 of the Lair of Beasts.
             The game lasted 01:15:29 (24604 turns).

M4edhros the Covert (Octopode Artificer)           Turns: 24604, Time: 01:15:30

Health: -25/97     AC:  3    Str: 11 (15) XL:     15   Next: 60%
Magic:  20/22      EV: 19    Int:  9 (13) God:    Fedhas [******]
Gold:   2071       SH:  5    Dex: 12 (18) Spells: 11/22 levels left

rFire    + . .     SeeInvis +   e - +2 demon trident (venom)
rCold    . . .     Gourm    .   d - +0 buckler
rNeg     + . .     Faith    .   (helmet restricted)
rPois    +         Spirit   .   Q - amulet of regeneration
rElec    .         Reflect  .   s - ring of see invisible
rCorr    .         Harm     .   v - ring of protection from fire
MR       +....                  C - ring of positive energy
Stlth    ++++++....             F - ring of poison resistance
Regen    0.7/turn               X - +3 ring of slaying
                                (no ring)
                                (no ring)
                                (no ring)

@: slowed, repel missiles, very slow
A: almost no armour, stealthy swim, amphibious, 8 rings, constrict 8, tentacle
spike 1, molten scales 1, camouflage 1, blurry vision 2, deterioration 1, sense
surroundings 1, strong 1, wild magic 1, gelatinous body 1, evolution 1
a: Fungal Bloom, Evolution, Sunlight, Growth, Reproduction, Rain, Renounce
Religion


You were on level 6 of the Lair of Beasts.
You worshipped Fedhas.
Fedhas was exalted by your worship.
You were not hungry.

You visited 4 branches of the dungeon, and saw 24 of its levels.
You also visited: Ossuary and Ice Cave.

You collected 2229 gold pieces.
You spent 158 gold pieces at shops.

Inventory:

Hand Weapons
 e - a +2 demon trident of venom (weapon)
 B - a +0 quick blade of freezing
 U - a +0 hunting sling
Missiles
 j - 709 stones (quivered)
 p - 155 sling bullets
Armour
 d - a +0 buckler (worn)
Jewellery
 a - the amulet "Feanih" {Harm *Drain rF+ Stlth+, unknown}
   (You found it on level 6 of the Lair of Beasts)

   [amulet of harm]

   It increases damage dealt and taken.
   It protects you from fire.
   It causes draining when unequipped.
   It makes you more stealthy.
 s - a ring of see invisible (left tentacle)
 v - a ring of protection from fire (right tentacle)
 C - a ring of positive energy (on tentacle)
 F - a ring of poison resistance (on tentacle)
 J - an uncursed ring of ice
 Q - an amulet of regeneration (around mantle)
 X - a +3 ring of slaying (on tentacle)
Wands
 f - a wand of clouds (2/9)
 g - a wand of iceblast (0/15)
 h - a wand of flame (28/48)
 u - a wand of confusion (18/48)
 x - a wand of polymorph (6/24)
 y - a wand of random effects (0/48)
 I - a wand of flame (23/48)
 S - a wand of iceblast (0/15)
 W - a wand of digging (7/24)
 Y - a wand of paralysis (0/24)
 Z - a wand of flame (16/48)
Scrolls
 c - 2 scrolls of summoning {unknown}
 i - a scroll of vulnerability {unknown}
 o - 4 scrolls of fog
 q - 11 scrolls of teleportation
 t - a scroll of fear {unknown}
 A - 5 scrolls of recharging
 G - a scroll of identify
 M - 7 scrolls of blinking
Potions
 b - a potion of berserk rage {unknown}
 k - 4 potions of curing
 l - a potion of agility
 r - a potion of haste
 w - 3 potions of magic
 z - 4 potions of ambrosia
 P - 3 potions of cancellation
 R - 4 potions of lignification
 T - 3 potions of brilliance
 V - 3 potions of might
Miscellaneous
 L - a phantom mirror
Comestibles
 m - 15 meat rations
 n - 18 beef jerkies
 E - 3 slices of pizza
 K - 29 fruits


   Skills:
 - Level 7.4 Fighting
 - Level 1.0 Short Blades
   Level 6.5 Maces & Flails
 * Level 10.8 Slings
 - Level 10.3 Dodging
 - Level 14.2 Stealth
 * Level 6.8 Shields
 - Level 4.4 Spellcasting
 - Level 5.4 Conjurations
 + Level 4.2 Hexes
 - Level 5.8 Charms
 + Level 3.7 Ice Magic
 - Level 5.7 Air Magic
 - Level 5.1 Poison Magic
 + Level 10.5 Invocations
 - Level 6.6 Evocations


You had 11 spell levels left.
You knew the following spells:

 Your Spells              Type           Power        Failure   Level  Hunger
a - Ozocubu's Armour      Chrm/Ice       ##......     21%         3    ###....
b - Mephitic Cloud        Conj/Pois/Air  ###.....     14%         3    ###....
c - Repel Missiles        Chrm/Air       ###...       8%          2    ##.....
d - Dazzling Spray        Conj/Hex       ##....       21%         3    ###....


Dungeon Overview and Level Annotations

Branches:
Dungeon (15/15)            Temple (1/1) D:4            Lair (6/6) D:8
 Shoals (0/4) Lair:3        Snake (0/4) Lair:3        Slime (0/5) Lair:6
    Orc (2/2) D:12            Elf (0/3) Orc:2        Vaults (0/5) D:14
 Depths: D:15

Altars:
Ashenzari
Cheibriados
Dithmenos
Elyvilon
Fedhas
Gozag
Hepliaklqana
Kikubaaqudgha
Makhleb
Nemelex Xobeh
Okawaru
Qazlal
Ru
Sif Muna
Trog
Uskayaw
Vehumet
Xom
Yredelemnul
Zin
The Shining One
Beogh
Jiyva

Shops:
D:5 [   D:10 (   D:12 *   Orc:2 [(*(

Portals:
Trove: D:12 (give 2 scrolls of acquirement)

Annotations:
Lair:1 Bees, many bees, 1 exclusion
Lair:6 1 runed door


Innate Abilities, Weirdness & Mutations

You cannot wear most types of armour.
You are very stealthy in the water. (Stealth+)
You are amphibious.
You can wear up to eight rings at the same time.
You can use your tentacles to constrict eight enemies at once.
Your skin changes colour to match your surroundings (Stealth+).
Your rubbery body absorbs attacks. (AC +1, EV +1)
One of your tentacles bears a spike.
You are partially covered in molten scales. (AC +2)
Scrolls take you longer to read.
Your body sometimes deteriorates upon taking damage.
You passively map a small area around you.
Your muscles are strong. (Str +2)
Your spells are a little harder to cast, but a little more powerful.
You evolve.


Message History

The iceblast engulfs the lindwurm.
You kill the lindwurm!
Evoking this partially-identified wand wasted a few charges.
The tyrant leech bites your wandering mushroom!
Your wandering mushroom is destroyed!
You feel a little guilty.
Unknown command.
Unknown command.
Select plant or fungus to evolve.
Press: ? - help, Dir - move target cursor, f - toadstool, p - tyrant leech
Aim: a toadstool (peaceful, can evolve into a wandering mushroom)
The floor, spattered with blood.
The toadstool can now pick up its mycelia and move.
Your piety has decreased.
The tyrant leech bites you!!
* * * LOW HITPOINT WARNING * * *
The tyrant leech draws strength from your injuries!
Your wandering mushroom barely misses the tyrant leech.
The tyrant leech bites you!!
You die...
Fedhas appreciates your contribution to the ecosystem.

.### #.#...####...## ##
####....#...#.# #
##.#.......###### #
#.#......### ,k.##
######...f###.# , w..#
#.##.....## ### ..# #
##P....#..#### ###..#
###P....##.....###...)#
.....######.....@ww..##
.P.### #####.fw†###
#### ######


You could see 2 tyrant leeches, a torpor snail and a friendly wandering
mushroom.

Vanquished Creatures
  An orc warlord (Orc:2)
  A reaper (IceCv)
  A dire elephant (Lair:6)
  3 hydras
  5 centaur warriors
  9 two-headed ogres
  3 death yaks (Lair:6)
  4 orc high priests (Orc:2)
  An unseen horror (D:13)
  A lindwurm (Lair:6)
  The ghost of M4edhros the Covert, a novice OpAr of Fedhas (D:6)
  A necromancer (D:14)
  A deep elf mage (D:14)
  4 orc knights (Orc:2)
  5 orc sorcerers
  10 ugly things
  2 manticores (D:14)
  A cyclops (D:11)
  7 trolls
  A merfolk siren (Lair:3)
  A guardian serpent (shapeshifter) (D:14)
  8 spiny frogs
  4 torpor snails (Lair:6)
  Maurice (D:8)
  A centaur zombie (D:14)
  2 ice statues (IceCv)
  2 gargoyles (D:12)
  6 ice devils (IceCv)
  4 rime drakes
  5 komodo dragons
  4 kobold demonologists
  9 polar bears
  7 hornets
  7 blink frogs
  2 raiju (Lair:6)
  6 hippogriffs
  A wraith (D:10)
  Sigmund (D:5)
  3 basilisks
  26 yaks
  A fire elemental (Lair:4)
  Edmund (D:4)
  6 wargs
  9 water moccasins
  10 porcupines
  Duvessa (D:4)
  11 hell hounds (Lair:6)
  32 orc warriors
  An ice beast (D:10)
  10 black bears
  3 sky beasts
  17 ogres
  2 phantoms
  10 wolves (Lair:6)
  17 centaurs
  6 crocodiles
  6 big kobolds
  10 bullfrogs
  An elf skeleton (Ossuary)
  3 gnoll sergeants
  Dowan (D:4)
  4 scorpions
  7 killer bees
  4 wights (D:13)
  4 howler monkeys
  4 crimson imps
  A quasit (D:6)
  4 hounds
  8 jellies
  27 orc priests
  6 bullfrog skeletons
  6 centaur skeletons
  21 orc wizards
  3 human skeletons (Ossuary)
  Crazy Yiuf (D:4)
  2 iguanas
  8 worker ants
  2 big kobold skeletons (Ossuary)
  4 wandering mushrooms
  A hound skeleton (Ossuary)
  3 mummies (Ossuary)
  18 gnolls
  5 adders
  A howler monkey skeleton (D:11)
  A shadow imp (D:5)
  8 white imps (IceCv)
  4 ufetubi (IceCv)
  4 oozes
  8 adder skeletons
  A worm (D:3)
  2 dart slugs
  3 leopard geckos
  93 orcs
  2 giant cockroaches (D:1)
  A hobgoblin (D:2)
  7 jackals
  4 quokkas
  10 bats
  8 frilled lizards
  A giant cockroach zombie (D:6)
  2 gnoll skeletons (Ossuary)
  4 goblins
  3 goblin skeletons (Ossuary)
  4 hobgoblin skeletons (Ossuary)
  4 jackal skeletons
  29 kobolds
  4 kobold skeletons (Ossuary)
  An orc skeleton (Ossuary)
  A quokka skeleton (D:5)
  6 rats
  2 rat skeletons (Ossuary)
  A ballistomycete (Orc:2)
  A ballistomycete spore (Orc:2)
  2 toadstools (D:14)
685 creatures vanquished.

Vanquished Creatures (collateral kills)
  Josephine (Orc:1)
  2 hydras (Lair:6)
  2 two-headed ogres
  A death yak (Lair:6)
  6 ugly things
  A manticore (D:14)
  A deep elf mage (D:14)
  An elephant (D:8)
  3 komodo dragons
  2 polar bears
  3 trolls
  2 tyrant leeches (Lair:6)
  A hornet (Lair:6)
  4 dream sheep (Lair:6)
  5 blink frogs
  5 wraiths
  A shadow (D:14)
  2 basilisks
  16 yaks
  A hungry ghost (D:10)
  5 wargs
  3 water moccasins (Lair:6)
  2 porcupines
  2 hell hounds (Lair:6)
  11 orc warriors
  4 ogres
  3 black bears (Lair:6)
  A phantom (D:7)
  2 centaurs (D:12)
  A crocodile (Lair:6)
  3 wolves (Lair:6)
  The ghost of M4edhros the Sneak, an amateur OpAr (D:4)
  A big kobold (D:11)
  4 bullfrogs
  A wyvern skeleton (D:13)
  5 killer bees
  A wight (D:13)
  2 crimson imps (D:14)
  5 orc priests (Orc:2)
  A hound (D:10)
  An orc wizard (Orc:2)
  An iguana (D:13)
  A hound skeleton (D:11)
  2 adders
  17 orcs
  3 kobolds (D:14)
  A quokka (D:11)
  9 ballistomycete spores
  A hyperactive ballistomycete (D:11)
154 creatures vanquished.

Vanquished Creatures (others)
  An oklob plant (Lair:6)
  A wolf spider zombie (D:13)
  A cyclops (D:12)
  6 dream sheep (Lair:6)
  5 necrophages
  2 killer bees
  An orc priest (Orc:2)
  2 orc wizards (Orc:2)
  2 killer bee zombies
  A gnoll (D:3)
  2 worker ant zombies
  5 white imps (IceCv)
  5 ufetubi (IceCv)
  2 orcs (Orc:2)
  25 wandering mushrooms
  48 ballistomycetes
  17 ballistomycete spores
  5 bushes (Lair:6)
  58 fungi
  47 plants
  817 toadstools
1053 creatures vanquished.

Grand Total: 1892 creatures vanquished

Notes
Turn   | Place    | Note
-------+----------+-------------------------------------------
     0 | D:1      | M4edhros the Octopode Artificer began the quest for the Orb.
     0 | D:1      | Reached XP level 1. HP: 13/13 MP: 3/3
    84 | D:1      | Reached skill level 2 in Stealth
   234 | D:2      | Reached skill level 3 in Stealth
   234 | D:2      | Reached XP level 2. HP: 15/18 MP: 4/4
   372 | D:2      | Reached skill level 4 in Stealth
   375 | D:2      | Reached XP level 3. HP: 9/23 MP: 5/5
   663 | D:3      | Reached skill level 5 in Stealth
   836 | D:4      | Reached XP level 4. HP: 16/28 MP: 6/6
   878 | D:4      | Found a glowing golden altar of the Shining One.
   878 | D:4      | Found a white marble altar of Elyvilon.
   879 | D:4      | Noticed Edmund
  1026 | D:4      | Killed Edmund
  1026 | D:4      | Reached skill level 7 in Stealth
  1026 | D:4      | Reached XP level 5. HP: 17/33 MP: 7/7
  1108 | D:4      | Found a staircase to the Ecumenical Temple.
  1116 | D:4      | Noticed M4edhros's ghost (amateur OpAr)
  1117 | Temple   | Entered the Ecumenical Temple
  1192 | Temple   | Became a worshipper of Fedhas Madash
  1249 | D:4      | Noticed Duvessa
  1585 | D:1      | Reached skill level 8 in Stealth
  2139 | D:2      | Reached XP level 6. HP: 34/38 MP: 6/8
  2219 | D:2      | Reached * piety under Fedhas
  2483 | D:3      | Reached skill level 1 in Invocations
  3276 | D:4      | Found a runed door.
  3333 | D:4      | Noticed Dowan
  3347 | D:4      | Killed M4edhros's ghost
  3347 | D:4      | Reached XP level 7. HP: 40/44 MP: 7/9
  3363 | D:4      | Killed Duvessa
  3363 | D:4      | Reached skill level 9 in Stealth
  3364 | D:4      | Killed Dowan
  3654 | D:4      | Noticed Crazy Yiuf
  3657 | D:4      | Killed Crazy Yiuf
  3699 | D:5      | Entered Level 5 of the Dungeon
  3737 | D:5      | Found a basalt altar of Yredelemnul.
  3798 | D:5      | Found a shadowy altar of Dithmenos.
  3833 | D:5      | Gained mutation: Scrolls take you a little longer to read. [mutagenic meat]
  3834 | D:5      | Gained mutation: You are robust. (+10% HP) [mutagenic meat]
  3835 | D:5      | Gained mutation: Your spells are a little easier to cast, but a little less powerful. [mutagenic meat]
  3838 | D:5      | Gained mutation: Your body sometimes deteriorates upon taking damage. [mutagenic meat]
  3921 | D:5      | Reached XP level 8. HP: 25/56 MP: 5/10
  4074 | D:5      | Found Fygius's Antique Armour Shop.
  4215 | D:5      | Noticed Sigmund
  4220 | D:5      | Killed Sigmund
  4427 | D:6      | Reached skill level 5 in Dodging
  4442 | D:6      | Gained mutation: You passively map a small area around you. [potion of mutation]
  4442 | D:6      | Lost mutation: Scrolls take you a little longer to read. [potion of mutation]
  4442 | D:6      | Gained mutation: Your magical capacity is low. (-10% MP) [potion of mutation]
  4443 | D:6      | Gained mutation: Scrolls take you a little longer to read. [potion of mutation]
  4448 | D:6      | Noticed M4edhros's ghost (novice OpAr)
  4462 | D:6      | Killed M4edhros's ghost
  4462 | D:6      | Reached skill level 10 in Stealth
  4530 | D:6      | Found a sand-covered staircase.
  4535 | Ossuary  | Entered an ossuary
  4549 | Ossuary  | Reached ** piety under Fedhas
  4599 | Ossuary  | Reached *** piety under Fedhas
  4636 | Ossuary  | Reached skill level 1 in Maces & Flails
  4718 | Ossuary  | Reached XP level 9. HP: 63/63 MP: 10/10
  4968 | D:6      | Reached **** piety under Fedhas
  5728 | D:7      | Reached skill level 5 in Invocations
  6050 | D:8      | Noticed Maurice
  6061 | D:8      | Killed Maurice
  6061 | D:8      | Reached XP level 10. HP: 61/71 MP: 10/12
  6167 | D:8      | Found a staircase to the Lair.
  6168 | D:8      | Noticed an elephant
  6179 | D:8      | Reached skill level 5 in Fighting
  6183 | D:8      | Reached skill level 11 in Stealth
  6205 | D:8      | Killed an elephant
  6343 | D:8      | Learned a level 3 spell: Ozocubu's Armour
  6409 | D:8      | Found a shadowy altar of Dithmenos.
  6410 | D:8      | Found a basalt altar of Yredelemnul.
  6412 | D:8      | Found a stormy altar of Qazlal.
  6412 | D:8      | Found a radiant altar of Vehumet.
  6428 | D:8      | Found a hazy altar of Hepliaklqana.
  6429 | D:8      | Found an ancient bone altar of Kikubaaqudgha.
  6531 | D:8      | Learned a level 3 spell: Mephitic Cloud
  6534 | D:8      | Learned a level 2 spell: Repel Missiles
  6736 | D:9      | Noticed a kobold demonologist
  6742 | D:9      | Killed a kobold demonologist
  6742 | D:9      | Reached skill level 5 in Maces & Flails
  6742 | D:9      | Reached skill level 1 in Air Magic
  6755 | D:9      | Noticed a two-headed ogre
  6786 | D:9      | Killed a two-headed ogre
  6786 | D:9      | Reached skill level 1 in Charms
  6786 | D:9      | Reached skill level 1 in Poison Magic
  6790 | D:9      | Reached ***** piety under Fedhas
  6934 | D:9      | Reached skill level 1 in Spellcasting
  7009 | D:9      | 3slay, ok
  7424 | D:10     | Entered Level 10 of the Dungeon
  7434 | D:10     | Noticed a brown ugly thing
  7458 | D:10     | Killed a brown ugly thing
  7458 | D:10     | Reached skill level 5 in Evocations
  7514 | D:10     | Reached XP level 11. HP: 53/79 MP: 12/13
  7905 | D:10     | Found Rouzaps's Antique Weapon Shoppe.
  7913 | D:10     | Bought a hunting sling for 48 gold pieces
  8030 | D:10     | Reached skill level 1 in Slings
  8255 | D:11     | Noticed a white ugly thing
  8258 | D:11     | Noticed a cyan ugly thing
  8271 | D:11     | Killed a red ugly thing
  8278 | D:11     | Killed a cyan ugly thing
  8389 | D:11     | Noticed a two-headed ogre
  8396 | D:11     | Killed a two-headed ogre
  8401 | D:11     | Noticed a two-headed ogre
  8410 | D:11     | Noticed a two-headed ogre
  8425 | D:11     | Killed a two-headed ogre
  8427 | D:11     | Killed a two-headed ogre
  8444 | D:11     | Noticed a cyclops
  8449 | D:11     | Killed a cyclops
  8884 | D:11     | Noticed a white ugly thing
  8897 | D:11     | Killed a white ugly thing
  8897 | D:11     | Reached skill level 5 in Poison Magic
  8897 | D:11     | Reached XP level 12. HP: 39/86 MP: 3/15
  9301 | D:12     | Reached skill level 5 in Air Magic
  9318 | D:12     | Reached skill level 12 in Stealth
  9572 | D:12     | Found a portal to a secret trove of treasure.
  9704 | D:12     | Noticed a centaur warrior
  9721 | D:12     | Killed a centaur warrior
 10067 | D:12     | Found a staircase to the Orcish Mines.
 10224 | D:12     | Found Moqod's General Store.
 10232 | D:12     | Bought a scroll of enchant weapon for 82 gold pieces
 10313 | D:13     | Reached ****** piety under Fedhas
 10313 | D:13     | Noticed a centaur warrior
 10345 | D:13     | Killed a centaur warrior
 10374 | D:13     | Noticed a two-headed ogre
 10389 | D:13     | Killed a two-headed ogre
 10474 | D:13     | Noticed a centaur warrior
 10480 | D:13     | Learned a level 3 spell: Dazzling Spray
 10492 | D:13     | Killed a centaur warrior
 10620 | D:13     | Lost mutation: You are robust. (+10% HP) [mutagenic meat]
 10689 | D:13     | Lost mutation: Your spells are a little easier to cast, but a little less powerful. [potion of cure mutation]
 10689 | D:13     | Lost mutation: Your magical capacity is low. (-10% MP) [potion of cure mutation]
 10689 | D:13     | Lost mutation: Scrolls take you a little longer to read. [potion of cure mutation]
 10689 | D:13     | Lost mutation: Your body sometimes deteriorates upon taking damage. [potion of cure mutation]
 10769 | D:13     | Reached skill level 1 in Conjurations
 10840 | D:13     | Noticed a two-headed ogre
 10853 | D:13     | Killed a two-headed ogre
 11332 | D:14     | Reached skill level 1 in Hexes
 11383 | D:14     | Reached skill level 1 in Shields
 11383 | D:14     | Reached XP level 13. HP: 64/85 MP: 16/18
 11432 | D:14     | Reached skill level 5 in Slings
 11453 | D:14     | Reached skill level 10 in Dodging
 11519 | D:14     | Gained mutation: Scrolls take you a little longer to read. [mutagenic meat]
 11520 | D:14     | Gained mutation: Your spells are a little harder to cast, but a little more powerful. [mutagenic meat]
 11521 | D:14     | Gained mutation: You evolve. [mutagenic meat]
 11522 | D:14     | Gained mutation: One of your tentacles bears a spike. [mutagenic meat]
 12025 | D:14     | Found a gate to the Vaults.
 12238 | D:15     | Entered Level 15 of the Dungeon
 12263 | D:15     | Lost mutation: You evolve. [mutagenic meat]
 12264 | D:15     | Gained mutation: Scrolls take you longer to read. [mutagenic meat]
 12586 | Orc:1    | Entered Level 1 of the Orcish Mines
 12586 | Orc:1    | Found a roughly hewn altar of Beogh.
 12594 | Orc:1    | Noticed Josephine
 12830 | Orc:1    | Killed Josephine
 12830 | Orc:1    | Reached skill level 5 in Charms
 12921 | Orc:1    | Reached skill level 13 in Stealth
 13070 | Orc:1    | Paralysed by an orc sorcerer for 2 turns
 13968 | Orc:2    | Entered Level 2 of the Orcish Mines
 14541 | Orc:2    | Found Gahec's General Store.
 14587 | Orc:2    | Noticed an orc warlord
 14621 | Orc:2    | Killed an orc warlord
 14621 | Orc:2    | Reached XP level 14. HP: 65/92 MP: 20/20
 14644 | Orc:2    | Bought a scroll of identify for 28 gold pieces
 14825 | Orc:2    | Found a roughly hewn altar of Beogh.
 14901 | Orc:2    | Found Yruceff's Antique Weapon Emporium.
 15048 | Orc:2    | Paralysed by an orc sorcerer for 3 turns
 15295 | Orc:2    | Found a staircase to the Elven Halls.
 15488 | Orc:2    | Paralysed by an orc sorcerer for 5 turns
 15826 | Orc:2    | Found a roughly hewn altar of Beogh.
 15900 | Orc:2    | Found Soadic's Armour Boutique.
 15925 | Orc:2    | Found Teosak's Weapon Shop.
 16397 | D:11     | Gained mutation: You evolve. [mutagenic meat]
 16398 | D:11     | Gained mutation: Your body sometimes deteriorates upon taking damage. [mutagenic meat]
 16466 | Lair:1   | Entered Level 1 of the Lair of Beasts
 16492 | Lair:1   | HP: 4/92 [komodo dragon (30)]
 16509 | Lair:1   | Reached skill level 5 in Conjurations
 16977 | Lair:1   | Reached skill level 14 in Stealth
 17365 | Lair:2   | Gained mutation: Your muscles are strong. (Str +2) [potion of mutation]
 17365 | Lair:2   | Gained mutation: You are partially covered in molten scales. (AC +2) [potion of mutation]
 18188 | Lair:3   | Found a staircase to the Shoals.
 18283 | Lair:3   | Lost mutation: Your muscles are strong. (Str +2) [evolution]
 18353 | Lair:3   | Found a staircase to the Snake Pit.
 19504 | Lair:5   | Reached skill level 1 in Ice Magic
 19511 | Lair:5   | Reached skill level 5 in Shields
 19538 | Lair:5   | Found a frozen archway.
 19602 | IceCv    | Entered an ice cave
 20966 | IceCv    | Noticed a reaper
 21033 | IceCv    | Killed a reaper
 21033 | IceCv    | Reached XP level 15. HP: 97/97 MP: 22/22
 22354 | Lair:6   | Entered Level 6 of the Lair of Beasts
 22514 | Lair:6   | Reached skill level 10 in Slings
 22692 | Lair:6   | Got a heavily runed brass amulet
 22908 | Lair:6   | Reached skill level 10 in Invocations
 23100 | Lair:6   | HP: 4/97 [hell hound/blast of flame (6)]
 24021 | Lair:6   | Found a runed door.
 24021 | Lair:6   | Found a viscous altar of Jiyva.
 24021 | Lair:6   | Found a staircase to the Slime Pits.
 24053 | Lair:6   | Gained mutation: Your muscles are strong. (Str +2) [evolution]
 24387 | Lair:6   | Found a runed door.
 24604 | Lair:6   | Annihilated by a tyrant leech

Vault maps used:
D:1:      lemuel_arrival_tunnels
D:2:      kennysheep_path_1
D:4:      chequers_temple_overflow_statue_of_worship, uniq_crazy_yiuf_cottage,
          uniq_edmund, uniq_duvessa
D:5:      lemuel_ice_spiral_2, first_bread, basic_altar, serial_shops,
          nicolae_shop_stone, nicolae_dithmenos_shadow_blocks, uniq_sigmund
D:6:      nicolae_ossuary_entry_plus
D:8:      grunt_temple_overflow_open, david_lair_generic, uniq_maurice
D:9:      minmay_opposing_rooms
D:10:     serial_shops, shop
D:12:     hiddenorc2_lemuel, nicolae_trove_entry_diagonal, serial_shops, shop,
          blue_anna_alchemist
D:13:     kennysheep_nub
D:14:     david_vaults_1, serial_park_square2
D:15:     grunt_enter_depths_snipers, lemuel_tele_altar,
          nicolae_tso_swordbearing_angel
Temple:   dshaligram_water_room_temple
Lair:1:   special_room, beast_lair_carwin_8
Lair:3:   minmay_shoals_entry_lonely_mermaid
Lair:5:   portal_ice_cave_rime, roderic_carrion_pond
Lair:6:   wormcave, hangedman_lair_caniforms_friends, slime_altar_2,
          grunt_megastairs_5
Orc:1:    basic_altar, uniq_josephine
Orc:2:    pubby_orc_utopia
Ossuary:  minmay_ossuary_two_tombs
IceCv:    ice_cave_small_demon

Skill      XL: |  1  2  3  4  5  6  7  8  9 10 11 12 13 14 15 |
---------------+----------------------------------------------+-----
Stealth        | 3 4 5 7 8 9 10 11 12 13 14 | 14.2
Invocations    | 1 3 4 5 6 7 9 10 | 10.5
Dodging        | 3 4 6 7 8 9 10 | 10.3
Fighting       | 2 4 5 6 7 |  7.4
Maces & Flails | 1 4 5 6 |  6.5
Evocations     | 4 5 6 |  6.6
Air Magic      | 2 4 5 |  5.7
Charms         | 2 3 4 5 |  5.8
Poison Magic   | 2 5 |  5.1
Spellcasting   | 1 2 3 4 |  4.4
Slings         | 3 4 6 9 10 | 10.8
Conjurations   | 1 3 5 |  5.4
Hexes          | 1 2 3 4 |  4.2
Shields        | 1 4 5 6 |  6.8
Ice Magic      | 1 3 |  3.7
Short Blades   | |  1.0

Action                   |  1- 3 |  4- 6 |  7- 9 | 10-12 | 13-15 || total
-------------------------+-------+-------+-------+-------+-------++-------
Melee: Short sword       |    35 |     6 |       |       |       ||    41
       Constrict         |    11 |    27 |    56 |    84 |   165 ||   343
       Tentacles         |     3 |    18 |    50 |    92 |   233 ||   396
       Dire flail        |       |   100 |   236 |   425 |       ||   761
       Rapier            |       |       |       |    32 |   693 ||   725
       Kick              |       |       |       |       |   331 ||   331
       Demon trident     |       |       |       |       |   327 ||   327
       Quick blade       |       |       |       |       |    25 ||    25
 Fire: Hunting sling     |       |       |       |       |   218 ||   218
 Cast: Mephitic Cloud    |       |       |       |     8 |    13 ||    21
       Repel Missiles    |       |       |       |     3 |     2 ||     5
       Dazzling Spray    |       |       |       |       |     2 ||     2
       Ozocubu's Armour  |       |       |       |       |     2 ||     2
Invok: Fungal Bloom      |       |    20 |    34 |    68 |   105 ||   227
       Evolution         |       |     1 |     2 |     9 |    23 ||    35
       Reproduction      |       |       |       |     3 |     6 ||     9
Evoke: Wand              |     7 |     6 |    17 |    27 |    37 ||    94
       Sack of spiders   |       |       |       |       |     1 ||     1
  Use: Potion            |     1 |       |     3 |     8 |    20 ||    32
       Scroll            |       |       |     6 |     8 |    10 ||    24
 Stab: Sleeping          |     1 |    17 |    18 |    28 |    47 ||   111
       Paralysed         |       |     2 |       |     4 |    14 ||    20
       Confused          |       |       |       |    10 |    17 ||    27
       Distracted        |       |       |       |       |     5 ||     5
  Eat: Chunk             |       |     2 |     8 |     3 |    14 ||    27
       Royal jelly       |       |     1 |       |       |     1 ||     2
       Bread ration      |       |     1 |     1 |     3 |     8 ||    13
       Beef jerky        |       |       |       |     3 |     1 ||     4
       Pizza             |       |       |       |     1 |       ||     1
       Meat ration       |       |       |       |       |     1 ||     1
Armor: Skin              |     6 |    20 |    48 |    58 |    47 ||   179
Dodge: Dodged            |    28 |    67 |   152 |   403 |   854 ||  1504
       Deflected         |       |       |       |     5 |     7 ||    12
Block: Buckler           |       |       |       |     1 |   226 ||   227
